 Dungeon Crawl Stone Soup version 0.16-a0-4099-g0be755f (webtiles) character file.

38 dithyrambik the Magician (level 3, -7/24 HPs)
             Began as a Mummy Wizard on Feb 25, 2015.
             Mangled by Prince Ribbit (10 damage)
             ... on level 4 of the Dungeon.
             The game lasted 00:11:07 (2047 turns).

dithyrambik the Magician (Mummy Wizard)             Turns: 2047, Time: 00:11:07

Health: -7/24      AC:  6    Str: 10    XL:     3   Next: 25%
Magic:  8/8        EV: 11    Int: 18    God:
Gold:   59         SH:  0    Dex: 10    Spells: 4 memorised, 0 levels left

rFire  x . .     SeeInvis .     e - +0 short sword
rCold  + . .     Clarity  .     g - +3 leather armour
rNeg   + + +     SustAb   .     (no shield)
rPois  ∞         Gourm    .     b - +0 hat
rElec  .         Spirit   .     (no cloak)
rCorr  .         Warding  .     (no gloves)
rMut   .         Stasis   .     (no boots)
MR     .....                    h - amulet of faith
Stlth  +.........               (no ring)
                                (no ring)

@: not resistant to hostile enchantments, very unstealthy
A: no food or potions, fire vulnerability, restore body, cold resistance 1,
negative energy resistance 3, poison resistance, torment resistance, unbreathing
a: no special abilities


You were on level 4 of the Dungeon.
You were not hungry.

You visited 1 branch of the dungeon, and saw 3 of its levels.

You collected 59 gold pieces.

Inventory:

Hand weapons
 e - a +0 short sword (weapon)
Armour
 a - a +0 robe
 b - a +0 hat (worn)
 g - a +3 leather armour (worn)
Jewellery
 h - an amulet of faith (around neck)
 i - an uncursed ring of see invisible {unknown}
Scrolls
 d - a scroll of recharging {unknown}
 f - a scroll of remove curse {unknown}
Books
 c - a book of Minor Magic

   Spells                             Type                      Level
   a - Magic Dart                     Conjuration                  1
   b - Blink                          Translocation                2
   c - Call Imp                       Summoning                    2
   d - Repel Missiles                 Charms/Air                   2
   e - Slow                           Hexes                        2
   f - Conjure Flame                  Conjuration/Fire             3
   g - Mephitic Cloud                 Conjuration/Poison/Air       3


   Skills:
 - Level 1.5 Dodging
 - Level 1.5 Stealth
 - Level 3.1 Spellcasting
 + Level 2.0 Conjurations
 - Level 1.0 Summonings
 - Level 1.1 Translocations
 + Level 0.1 Air Magic
 + Level 0.1 Poison Magic


You couldn't memorise any spells.
You knew the following spells:

 Your Spells              Type           Power        Failure   Level  Hunger
a - Magic Dart            Conj           ##..         12%         1    N/A
b - Call Imp              Summ           #.......     24%         2    N/A
c - Blink                 Tloc           N/A          24%         2    N/A
d - Mephitic Cloud        Conj/Pois/Air  #.......     50%         3    N/A

Dungeon Overview and Level Annotations

Branches:
Dungeon (4/15)
 Temple: D:4-7

Altars:

Annotations:
D:4 Prince Ribbit


Innate Abilities, Weirdness & Mutations

You do not eat or drink.
Your flesh is vulnerable to fire.
Your flesh is cold resistant.
You are immune to negative energy.
Your system is resistant to poisons.
You are immune to unholy pain and torment.
You can survive without breathing.


Message History

i - a diamond ring
Found 4 gold pieces.
Prince Ribbit comes into view.
Prince Ribbit gives a loud, deep croak!
Prince Ribbit blinks!
Prince Ribbit blinks!
Prince Ribbit catches a millipede with his tongue.
Prince Ribbit blinks!
Prince Ribbit hits you. Prince Ribbit closely misses you.
Prince Ribbit closely misses you. Prince Ribbit hits you!!
Ouch! That really hurt!
* * * LOW HITPOINT WARNING * * *
Prince Ribbit hits you.
* * * LOW HITPOINT WARNING * * *
Prince Ribbit blinks! x2
Found a stone staircase leading up.
Prince Ribbit blinks!
Prince Ribbit hits you!
You die...

****** *,**#.#)###.# *,,,,*
*,* #.#...#.# **,**,*******,*
#.###.#.#
*,,,*,,,,,,,,,###.......#
*,************#.....###.# *,*
#####.........##
*,*########...............
*,*#.$......##...........#
*,*#....F@..##.##........#
*..<......................
**##....§..###.....#.###.#
#.......#*####....#**.#
*******#.......#,,,.......,*,.
*,,,,,,+.......#,,.........***
*,******.......#,,,........* *
*,* *,......#,,,,..?...,* *
*,**** *,,,,...*,,,,,....,,***


You could see Prince Ribbit.

Vanquished Creatures
  3 giant geckos (D:1)
  A hobgoblin (D:1)
  6 jackals (D:1)
  5 kobolds (D:1)
  5 bats (D:1)
  A giant newt (D:1)
  3 goblins
  10 rats
34 creatures vanquished.

Vanquished Creatures (collateral kills)
  An ooze (D:1)
  2 jackals (D:1)
  A kobold (D:1)
4 creatures vanquished.

Grand Total: 38 creatures vanquished

Notes
Turn   | Place    | Note
--------------------------------------------------------------
     0 | D:1      | dithyrambik, the Mummy Wizard, began the quest for the Orb.
     0 | D:1      | Reached XP level 1. HP: 13/13 MP: 4/4
   221 | D:1      | Reached skill level 1 in Conjurations
   386 | D:1      | Reached XP level 2. HP: 11/19 MP: 0/6
   517 | D:1      | Learned a level 2 spell: Call Imp
   520 | D:1      | Learned a level 2 spell: Blink
   774 | D:1      | Reached skill level 1 in Summonings
  1176 | D:1      | Reached skill level 1 in Translocations
  1510 | D:1      | Reached XP level 3. HP: 22/24 MP: 8/8
  1616 | D:1      | Learned a level 3 spell: Mephitic Cloud
  1985 | D:2      | You fall through a shaft for 2 floors!
  2027 | D:4      | Noticed Prince Ribbit
  2047 | D:4      | Mangled by Prince Ribbit

Action                   || total
-------------------------++-------
Melee: Unarmed           ||    18
       Short sword       ||    44
 Cast: Magic Dart        ||    61
       Call Imp          ||     2
  Use: Scroll            ||     2
